 Dungeon Crawl Stone Soup version 0.29-a0-553-g81b289dbe5 (webtiles) character file.

Game seed: 7550162211800315594

3651 brmiller01 the Grappler (level 9, -4/86 (89) HPs)
             Began as a Troll Berserker on June 6, 2022.
             Was an Elder of Trog.
             Slain by a yak (7 damage)
             ... on level 8 of the Dungeon.
             The game lasted 00:11:57 (5857 turns).

brmiller01 the Grappler (Troll Berserker)           Turns: 5857, Time: 00:11:57

HP:   -4/86 (89)    AC:  7    Str: 31    XL:     9   Next: 88%
MP:   8/8           EV: 10    Int:  3    God:    Trog [****..]
Gold: 350           SH:  0    Dex: 15    Spells: 8/8 levels left

rFire   + . .      SeeInvis .     - Unarmed
rCold   + . .      Faith    .   (no shield)
rNeg    . . .      Spirit   .   B - +0 steam dragon scales
rPois   .          Reflect  .   (helmet restricted)
rElec   .          Harm     .   x - scarf {rC+ rF+}
rCorr   +          Rampage  .   (gloves unavailable)
Will    .....                   (boots unavailable)
Stlth   +.........              (no amulet)
HPRegen 1.04/turn               u - +6 ring of dexterity
MPRegen 0.11/turn               e - ring of resist corrosion

@: on berserk cooldown, hasted and slowed, lightly drained
A: large, unfitting armour, claws 3, regeneration 1, shaggy fur 1, tough skin 1
a: Renounce Religion, Berserk, Trog's Hand, Brothers in Arms


You were on level 8 of the Dungeon.
You worshipped Trog.
Trog was greatly pleased with you.
You visited 2 branches of the dungeon, and saw 9 of its levels.

You collected 350 gold pieces.

Inventory:

Missiles
 b - 2 large rocks (quivered)
 c - 302 stones
 j - 4 curare-tipped darts
 n - 17 poisoned darts
 E - 2 atropa-tipped darts
Armour
 x - a scarf of resistance (worn)
 B - +0 steam dragon scales (worn)
Jewellery
 a - a ring of positive energy
 e - a ring of resist corrosion (right claw)
 u - a +6 ring of dexterity (left claw)
Wands
 q - a wand of iceblast (9)
 r - a wand of flame (17)
 t - a wand of acid (14)
 y - a wand of digging (12)
Scrolls
 f - 2 scrolls of noise
 k - a scroll of blinking
 o - a scroll of fear
 s - a scroll of silence
 A - a scroll of identify
 C - a scroll of teleportation
 D - a scroll of fog
Potions
 d - 2 potions of attraction {unknown}
 g - 2 potions of berserk rage
 h - a potion of resistance {unknown}
 i - 4 potions of cancellation
 l - a potion of haste
 m - a potion of brilliance {unknown}
 p - 3 potions of curing {unknown}
 v - a potion of mutation {unknown}
 w - a potion of lignification {unknown}
 z - a potion of flight {unknown}


   Skills:
 + Level 6.2 Fighting
 + Level 6.1 Throwing
 + Level 3.4 Armour
 - Level 2.4 Dodging
 - Level 10.0 Unarmed Combat


You had 8 spell levels left.
You didn't know any spells.
Your spell library was empty.

Dungeon Overview and Level Annotations

Branches:
Dungeon (8/15)             Temple (1/1) D:5
   Lair: D:8-11

Altars:
Ashenzari
Cheibriados
Elyvilon
Fedhas
Gozag
Hepliaklqana
Kikubaaqudgha
Makhleb
Nemelex Xobeh
Okawaru
Qazlal
Ru
Sif Muna
Trog
Uskayaw
Vehumet
Wu Jian
Xom
Yredelemnul
Zin
The Shining One


Innate Abilities, Weirdness & Mutations

You are too large for most types of armour.
You have claws for hands.
Your natural rate of healing is unusually fast.
You are covered in fur. (AC +1)
You have tough skin. (AC +1)


Message History

The wight closely misses you.
You claw the wight!
The wight is heavily damaged.
You barely miss the wight. Your claw misses the wight.
The wight is heavily damaged.
The yak barely misses you. The wight hits you with a +0 war axe.
A yak comes into view.
Items here: ))) [[ ††.
You feel a strong urge to attack something.
You feel your anger nearly subside.
You are no longer berserk.
You are exhausted.
You feel yourself slow down.
You claw the yak!
The yak is moderately wounded.
The yak gores you!
You scratch the yak.
The yak is moderately wounded.
The wight closely misses you.
You closely miss the wight.
The wight is heavily damaged.
The yak gores you but does no damage. The wight hits you with a +0 war axe.
You feel drained.
You claw the wight!
You destroy the wight!
Trog accepts your kill. The yak completely misses you. The yak gores you!
* * * LOW HITPOINT WARNING * * *
You feel yourself speed up. The yak gores you.
* * * LOW HITPOINT WARNING * * *
The yak gores you!
* * * LOW HITPOINT WARNING * * *
The yak gores you.
* * * LOW HITPOINT WARNING * * *
The yak barely misses you. The yak gores you.
* * * LOW HITPOINT WARNING * * *
It was a potion of berserk rage.
You're still recovering from your berserk rage.
The yak gores you!
You die...

.....###.####...........##
...#.##..###..#..........##
..#...##.##...............##
#.#.###...#...#.......>....#
#.#..###.....#######†.....##
#.....##..#.## ##.#.......#.
..........#..####Y)..##......
................#YY..Y...##..
....#..#..##....@Y###........
...#####..####...##..).....##
.#..# .... #..####)Y.....#
##.... #..# #..# #)........
##....# #.. .Y......... .
....# ####.........#.#
#...##.....#.# #.... #.......
Y#.#. #........


You could see 5 yaks.

Vanquished Creatures
  Psyche (D:8)
  A hornet (D:7)
  Eustachio (D:5)
  Menkaure (D:5)
  A steam dragon (D:7)
  2 water moccasins
  2 ice beasts
  3 orc warriors
  A sky beast (D:8)
  A black bear (D:5)
  3 ogres
  A centaur (D:8)
  5 phantoms
  A kobold brigand (D:3)
  A bullfrog (D:8)
  A scorpion (D:6)
  5 wights (D:8)
  The ghost of samgaumpmail the Changer, a weakling DrTm of Cheibriados (D:3)
  3 orc priests
  3 jellies
  4 hounds
  6 iguanas
  Terence (D:2)
  An orc wizard (D:7)
  3 gnolls (D:7)
  8 adders
  A shadow imp (D:7)
  2 white imps
  2 worms (D:2)
  2 dart slugs
  20 orcs
  6 ball pythons
  5 endoplasms
  4 giant cockroaches
  10 goblins
  15 hobgoblins
  12 jackals
  15 kobolds
  A quokka (D:4)
  3 bats
  6 frilled lizards
  7 rats
172 creatures vanquished.

Vanquished Creatures (others)
  An orc (D:8)
1 creature vanquished.

Grand Total: 173 creatures vanquished

Notes
Turn   | Place    | Note
-------+----------+-------------------------------------------
     0 | D:1      | brmiller01 the Troll Berserker began the quest for the Orb.
     0 | D:1      | Reached XP level 1. HP: 22/22 MP: 0/0
   180 | D:1      | Reached XP level 2. HP: 29/29 MP: 1/1
   225 | D:1      | Found a faded altar of an unknown god.
   466 | D:1      | Reached skill level 4 in Unarmed Combat
   907 | D:2      | Reached XP level 3. HP: 33/36 MP: 2/2
   919 | D:2      | Reached ** piety under Trog
  1222 | D:2      | Noticed Terence
  1236 | D:2      | Killed Terence
  1237 | D:2      | Reached skill level 5 in Unarmed Combat
  1237 | D:2      | Reached XP level 4. HP: 44/44 MP: 3/3
  1654 | D:3      | Noticed an ogre
  1657 | D:3      | Killed an ogre
  1658 | D:3      | Reached skill level 6 in Unarmed Combat
  1658 | D:3      | Reached XP level 5. HP: 50/50 MP: 4/4
  1881 | D:3      | Reached *** piety under Trog
  1962 | D:3      | Found a runed translucent gate.
  1963 | D:3      | Found a runed translucent gate.
  1963 | D:3      | Found a runed translucent gate.
  1963 | D:3      | Noticed samgaumpmail's ghost (weakling DrTm)
  1986 | D:3      | Killed samgaumpmail's ghost
  1992 | D:3      | Reached skill level 7 in Unarmed Combat
  1992 | D:3      | Reached XP level 6. HP: 59/59 MP: 5/5
  3066 | D:5      | Entered Level 5 of the Dungeon
  3152 | D:5      | Reached skill level 8 in Unarmed Combat
  3152 | D:5      | Reached XP level 7. HP: 64/66 MP: 6/6
  3187 | D:5      | Noticed Eustachio
  3205 | D:5      | Killed Eustachio
  3206 | D:5      | Reached skill level 9 in Unarmed Combat
  3307 | D:5      | Noticed Menkaure
  3316 | D:5      | Killed Menkaure
  3334 | D:5      | Found a staircase to the Ecumenical Temple.
  3337 | D:5      | Reached XP level 8. HP: 74/74 MP: 7/7
  3341 | Temple   | Entered the Ecumenical Temple
  3615 | D:5      | Reached skill level 10 in Unarmed Combat
  3620 | D:5      | Reached skill level 1 in Throwing
  4514 | D:6      | Reached **** piety under Trog
  4668 | D:6      | Reached XP level 9. HP: 78/85 MP: 8/8
  5072 | D:7      | Reached skill level 5 in Fighting
  5152 | D:7      | Reached skill level 1 in Armour
  5399 | D:7      | Paralysed by a hornet for 1 turns
  5407 | D:7      | Reached skill level 5 in Throwing
  5682 | D:8      | Noticed Psyche
  5689 | D:8      | Killed Psyche
  5855 | D:8      | HP: 3/86 [yak (5)]
  5857 | D:8      | Slain by a yak

Illustrated notes

Levels and vault maps discovered:
D:1:      dpeg_arrival_round_c, layout_basic,
          shapermc_ecumenical_altar_notcrosses, fountainhead,
          minmay_misc_feat_roman
D:2:      wander_river, layout_basic, corexii_corridor_pit,
          kennysheep_generic_room_3, uniq_terence
D:3:      layout_basic, gammafunk_ghost_nasty_kobolds, minmay_pentomino_pile
D:4:      layout_loops_corners
D:5:      layout_basic, temple_statues, serial_rivers,
          chequers_serial_rivers_small_3, chequers_serial_rivers_micro_e,
          chequers_serial_rivers_large_b, chequers_serial_rivers_room_a,
          chequers_serial_rivers_marsh, uniq_eustachio, uniq_menkaure
D:6:      layout_loops_ring
D:7:      layout_loops_ring
D:8:      layout_cave_pools, serial_column_ruins, column_ruins_corridor_corner,
          column_ruins_columns_corner, column_ruins_open_tiny,
          kennysheep_minor_cross, uniq_psyche, uniq_joseph
Temple:   nicolae_temple_the_god_donut

Skill      XL: |  1  2  3  4  5  6  7  8  9 |
---------------+----------------------------+-----
Unarmed Combat | 4 5 6 7 8 9 10 | 10.0
Throwing       | 4 6 |  6.1
Fighting       | 4 6 |  6.2
Armour         | 3 |  3.4
Dodging        | |  2.4

Action                   |  1- 3 |  4- 6 |  7- 9 || total
-------------------------+-------+-------+-------++-------
Melee: Unarmed           |    73 |   121 |   184 ||   378
       Punch             |     4 |     1 |     8 ||    13
Throw: Large rock        |    15 |     7 |     6 ||    28
       Stone             |     3 |     2 |       ||     5
Invok: Berserk           |     1 |     1 |     7 ||     9
       Trog's Hand       |       |       |     3 ||     3
  Use: Scroll            |     1 |     2 |     9 ||    12
       Potion            |       |       |     2 ||     2
 Stab: Sleeping          |       |     2 |     3 ||     5
Armor: Animal skin       |    28 |    44 |    15 ||    87
       Steam dragon scal |       |       |    20 ||    20
Dodge: Dodged            |    45 |    46 |    73 ||   164

Table legend: (Time is in decaauts)
 A = Elapsed time spent in this place.
 B = Non-inter-level travel time spent in this place.
 C = Inter-level travel time spent in this place.
 D = Time resting spent in this place.
 E = Time spent auto-exploring this place.
 F = Levels seen in this place.
 G = Mean time per level.
                   A        B        C        D        E       F      G
               +--------+--------+--------+--------+--------+-----+--------+
         Total |   5980 |   5780 |    200 |    232 |   4535 |   9 |  664.4 |
       Dungeon |   5728 |   5537 |    191 |    232 |   4318 |   8 |  716.0 |
        Temple |    252 |    243 |      9 |      0 |    217 |   1 |  252.0 |
               +--------+--------+--------+--------+--------+-----+--------+

Top non-repeatable levels by time:
     D:5: 965 daAuts
     D:1: 894 daAuts
     D:4: 841 daAuts
     D:6: 797 daAuts
     D:2: 783 daAuts
     D:7: 676 daAuts
     D:3: 585 daAuts
  Temple: 252 daAuts
     D:8: 185 daAuts
